 Dungeon Sprint DCSS version 0.29-a0-512-gf59ac788ac (webtiles) character file.

Game seed: 8029773717092611770

2907 mhtbhm the Grappler (level 9, -8/82 HPs)
             Began as a Demigod Transmuter on May 29, 2022.
             Mangled by a centaur warrior (10 damage)
             ... in the Dungeon (Sprint I: "Red Sonja").
             The game lasted 00:04:30 (2549 turns).

mhtbhm the Grappler (Demigod Transmuter)            Turns: 2549, Time: 00:04:31

Health: -8/82      AC:  7    Str: 23    XL:     9   Next: 25%
Magic:  20/26      EV: 12    Int: 15    God:
Gold:   317        SH:  0    Dex: 14    Spells: 16/26 levels left

rFire   x . .      SeeInvis .     - Unarmed
rCold   + + +      Faith    .   (shield currently unavailable)
rNeg    . . .      Spirit   .   (body armour currently unavailable)
rPois   +          Reflect  .   (helmet currently unavailable)
rElec   .          Harm     .   (cloak currently unavailable)
rCorr   .          Rampage  .   (gloves currently unavailable)
Will    .....      NoTele   +   (boots currently unavailable)
Stlth   +++.......              (no amulet)
HPRegen 0.23/turn               (no ring)
MPRegen 0.20/turn               (no ring)

@: ice-form, wereblooded
A: freezing attack, amphibious, boosted hp, large, high MP 1, forlorn, divine
attributes
a: End Transformation


You were in the Dungeon.
You were a creature of crystalline ice.
You visited 1 branch You collected 849 gold pieces.
You spent 532 gold pieces at shops.

Inventory:

Missiles
 j - 5 curare-tipped darts (quivered)
Armour
 a - a +2 robe of willpower (melded)
Wands
 g - a wand of flame (21)
Scrolls
 h - a scroll of blinking
 k - a scroll of fog
 l - a scroll of poison {unknown}
Potions
 b - a potion of lignification
 c - 3 potions of curing
 d - 2 potions of haste
 f - a potion of magic
 i - a potion of brilliance
 m - a potion of resistance


   Skills:
 + Level 3.1 Fighting
 + Level 0.4 Throwing
 + Level 4.0 Armour
 + Level 6.5 Dodging
 + Level 6.0 Stealth
 + Level 11.1 Unarmed Combat
 + Level 9.1 Spellcasting
 + Level 9.2 Transmutations
 + Level 2.9 Ice Magic
 + Level 1.6 Poison Magic
 + Level 3.4 Evocations


You had 16 spell levels left.
You knew the following spells:

 Your Spells              Type           Power      Damage    Failure   Level
a - Beastly Appendage     Tmut           68%        N/A       1%          1
b - Wereblood             Tmut           34%        N/A       1%          2
c - Spider Form           Tmut/Pois      23%        N/A       3%          3
d - Ice Form              Ice/Tmut       25%        N/A       9%          4

Your spell library contained the following spells:

 Spells                   Type           Power      Damage    Failure   Level


Dungeon Overview and Level Annotations

Branches:
Dungeon (1/1)

Shops:
D (![


Innate Abilities, Weirdness & Mutations

You are a creature of crystalline ice.
You have a powerful freezing melee attack.
You are amphibious.
Your maximum health is increased.
Your armour is entirely melded.
You are incapable of wielding weapons or throwing items.
You have an increased reservoir of magic. (+10% MP)
You shall have no god before yourself.
Your divine heritage dramatically boosts your attributes as you level up.


Message History

The centaur warrior kicks you but does no damage.
You pummel the centaur warrior!! You freeze the centaur warrior!
You feel a bit better.
You kill the centaur warrior!
The centaur warrior hits you!
* * * LOW HITPOINT WARNING * * *
The centaur warrior kicks you.
* * * LOW HITPOINT WARNING * * *
The centaur warrior hits you!
* * * LOW HITPOINT WARNING * * *
The centaur warrior kicks you but does no damage.
Your Fighting skill increases to level 3!
Your Stealth skill increases to level 6!
Your Unarmed Combat skill increases to level 11!
Your Spellcasting skill increases to level 9!
Your Transmutations skill increases to level 9!
You have reached level 9!
Your experience leads to a dramatic increase in your attributes!
Increase (S)trength, (I)ntelligence, or (D)exterity?
You feel stronger. x4
Unknown command.
Unknown command.
You punch the centaur warrior! You freeze the centaur warrior.
The centaur warrior is moderately wounded.
The centaur warrior hits you!
* * * LOW HITPOINT WARNING * * *
The centaur warrior kicks you but does no damage.
Unknown command.
Okay, then.
Okay, then.
You feel better. The centaur warrior hits you.
* * * LOW HITPOINT WARNING * * *
The centaur warrior closely misses you.
Unknown command.
You feel better. The centaur warrior hits you!
* * * LOW HITPOINT WARNING * * *
The centaur warrior kicks you.
* * * LOW HITPOINT WARNING * * *
The centaur warrior hits you!
You die...

######################
[)'..#..'..#__#..'.).#
..#..'[.#..'..'..#)..#
####'#####'#__####...+
###..#...#.####§§#####
__####..##.#≈§§§§#
_____##'#_.+≈§≈.Y+
_.∩...'.)._#§§§.c#
_..__##_.#'##§####
_____###'#.#.[(.###
########.####'###.##
......'...'.....'.∩#
+++####...##########
###.### #.#'#.#


You could see a centaur warrior.

Vanquished Creatures
  A centaur warrior (D)
  Sonja (D)
  A deep troll (D)
  2 kobold demonologists (D)
  A slime creature (D)
  Sigmund (D)
  A yak (D)
  A floating eye (D)
  An ogre (D)
  A jelly (D)
  Ijyb (D)
12 creatures vanquished.

Vanquished Creatures (others)
  2 ballistomycete spores (D)
2 creatures vanquished.

Grand Total: 14 creatures vanquished

Notes
Turn   | Place    | Note
-------+----------+-------------------------------------------
     0 | D        | mhtbhm the Demigod Transmuter began the quest for the Orb.
     0 | D        | Reached XP level 1. HP: 15/15 MP: 5/5
     3 | D        | Noticed Ijyb
    11 | D        | Killed Ijyb
    12 | D        | Reached skill level 4 in Unarmed Combat
    12 | D        | Reached XP level 2. HP: 17/22 MP: 5/8
   177 | D        | Learned a level 2 spell: Wereblood
   179 | D        | Noticed an ogre
   183 | D        | HP: 1/22 [ogre/+0 giant spiked club (21)]
   195 | D        | Killed an ogre
   196 | D        | Reached skill level 6 in Unarmed Combat
   196 | D        | Reached skill level 1 in Evocations
   196 | D        | Reached XP level 3. HP: 2/27 MP: 6/10
   196 | D        | Reached XP level 4. HP: 2/34 MP: 7/12
   517 | D        | Learned a level 3 spell: Spider Form
   522 | D        | Learned a level 4 spell: Ice Form
   638 | D        | Noticed Sigmund
   649 | D        | Killed Sigmund
   650 | D        | Reached skill level 1 in Fighting
   650 | D        | Reached skill level 1 in Stealth
   650 | D        | Reached skill level 8 in Unarmed Combat
   650 | D        | Reached XP level 5. HP: 30/40 MP: 13/15
   893 | D        | Reached skill level 5 in Spellcasting
   900 | D        | Found Gumik's Distillery.
   900 | D        | Noticed a yak
   904 | D        | Killed a yak
   905 | D        | Reached skill level 9 in Unarmed Combat
   905 | D        | Reached skill level 5 in Transmutations
   905 | D        | Reached XP level 6. HP: 24/48 MP: 15/18
   936 | D        | Bought a potion of heal wounds for 70 gold pieces
  1130 | D        | Bought a potion of curing for 42 gold pieces
  1563 | D        | Noticed a slime creature
  1568 | D        | Killed a slime creature
  1569 | D        | Reached XP level 7. HP: 53/53 MP: 14/20
  1579 | D        | Noticed a kobold demonologist
  1580 | D        | Noticed a kobold demonologist
  1582 | D        | Reached skill level 1 in Ice Magic
  1586 | D        | Killed a kobold demonologist
  1587 | D        | Reached skill level 5 in Dodging
  1594 | D        | Killed a kobold demonologist
  1595 | D        | Reached skill level 10 in Unarmed Combat
  1595 | D        | Reached XP level 8. HP: 61/61 MP: 19/23
  1847 | D        | Noticed Sonja
  1856 | D        | Killed Sonja
  2050 | D        | Found Nussem's Antique Weapon Boutique.
  2156 | D        | Noticed a deep troll
  2173 | D        | Killed a deep troll
  2174 | D        | Reached skill level 5 in Stealth
  2174 | D        | Reached skill level 1 in Poison Magic
  2191 | D        | Found Erphaor's Armour Emporium.
  2484 | D        | Bought 2 potions of haste for 280 gold pieces
  2484 | D        | Bought a potion of resistance for 140 gold pieces
  2538 | D        | Noticed a centaur warrior
  2540 | D        | Noticed a centaur warrior
  2546 | D        | Killed a centaur warrior
  2547 | D        | Reached skill level 11 in Unarmed Combat
  2547 | D        | Reached XP level 9. HP: 12/69 MP: 19/26
  2547 | D        | HP: 4/82 [centaur warrior (9)]
  2549 | D        | Mangled by a centaur warrior

Illustrated notes

Levels and vault maps discovered:
D:        dungeon_sprint_1 [red_sonja_temple_1, red_sonja_temple_small_1]

Skill      XL: |  1  2  3  4  5  6  7  8 |
---------------+-------------------------+-----
Dodging        | 2 3 4 5 6 |  6.5
Unarmed Combat | 4 6 8 9 10 11 | 11.1
Spellcasting   | 2 3 4 5 6 7 9 |  9.1
Transmutations | 2 3 4 5 6 7 9 |  9.2
Evocations     | 1 2 3 |  3.4
Fighting       | 1 2 3 |  3.1
Armour         | 2 3 4 |  4.0
Stealth        | 1 2 3 6 |  6.0
Ice Magic      | 1 2 |  2.9
Poison Magic   | 1 |  1.6
Throwing       | |  0.4

Action                   |  1- 3 |  4- 6 |  7- 9 || total
-------------------------+-------+-------+-------++-------
Melee: Unarmed           |     9 |    17 |    25 ||    51
       Kick              |     2 |     6 |       ||     8
       Headbutt          |       |     5 |       ||     5
       Punch             |       |     1 |       ||     1
Throw: Dart              |       |       |     1 ||     1
 Cast: Beastly Appendage |     2 |     4 |     1 ||     7
       Wereblood         |     1 |     5 |     2 ||     8
       Ice Form          |       |     1 |     2 ||     3
       Spider Form       |       |       |     2 ||     2
Evoke: Wand              |     5 |       |     2 ||     7
  Use: Potion            |     2 |     2 |     3 ||     7
       Scroll            |       |       |     2 ||     2
 Stab: Sleeping          |       |       |     1 ||     1
Armor: Skin              |       |       |    26 ||    26
Dodge: Dodged            |     4 |     6 |    36 ||    46

Table legend: (Time is in decaauts)
 A = Elapsed time spent in this place.
 B = Non-inter-level travel time spent in this place.
 C = Inter-level travel time spent in this place.
 D = Time resting spent in this place.
 E = Time spent auto-exploring this place.
 F = Levels seen in this place.
 G = Mean time per level.
                   A        B        C        D        E       F      G
               +--------+--------+--------+--------+--------+-----+--------+
         Total |   2530 |   2530 |      0 |   1982 |      0 |   1 | 2530.0 |
       Dungeon |   2530 |   2530 |      0 |   1982 |      0 |   1 | 2530.0 |
               +--------+--------+--------+--------+--------+-----+--------+

Top non-repeatable levels by time:
       D: 2530 daAuts
